 Dungeon Crawl Stone Soup version 0.21-a0-552-g593960d (webtiles) character file.

46501 M4edhros the Covert (level 14, -11/81 HPs)
             Began as an Octopode Artificer on Dec 17, 2017.
             Was an Elder of Fedhas.
             Mangled by a warg (15 damage)
             ... on level 1 of the Orcish Mines.
             The game lasted 01:34:52 (21799 turns).

M4edhros the Covert (Octopode Artificer)           Turns: 21799, Time: 01:34:53

Health: -11/81     AC:  8    Str: 22      XL:     14   Next: 37%
Magic:  30/30      EV: 18    Int: 11 (12) God:    Fedhas [****..]
Gold:   478        SH: 21    Dex: 16 (17) Spells: 11/21 levels left

rFire    . . .     SeeInvis .   w - +8 flail of Yesterday {venom, *Noise rF+ rN+ Str+9}
rCold    + + .     Gourm    .   U - +3 large shield {AC+3}
rNeg     + . .     Faith    .   (helmet restricted)
rPois    .         Spirit   .   P - amulet of magic regeneration
rElec    .         Reflect  .   o - +2 ring of evasion
rCorr    .         Harm     .   q - ring of protection from cold
MR       +....                  g - ring of ice
Stlth    +++++++...             k - ring of magical power
HPRegen  0.23/turn              (no ring)
MPRegen  0.47/turn              (no ring)
                                (no ring)
                                (no ring)

@: no status effects
A: almost no armour, stealthy swim, amphibious, 8 rings, constrict 8, iridescent
scales 1, slimy green scales 1, camouflage 1, blurry vision 1, dopey 1, frail 1,
screaming 1, strong 1, gelatinous body 1, MP-powered wands
a: Fungal Bloom, Evolution, Sunlight, Growth, Reproduction, Renounce Religion


You were on level 1 of the Orcish Mines.
You worshipped Fedhas.
Fedhas was greatly pleased with you.
You were not hungry.

You visited 3 branches of the dungeon, and saw 18 of its levels.
You visited the Abyss 1 time.
You also visited: Labyrinth and Ossuary.

You collected 1279 gold pieces.
You spent 801 gold pieces at shops.

Inventory:

Hand Weapons
 f - a +7 scimitar of flaming
 w - the +8 flail of Yesterday (weapon) {venom, *Noise rF+ rN+ Str+9}
   (You took it off a centaur on level 14 of the Dungeon)

   It poisons the flesh of those it strikes.
   It affects your strength (+9).
   It protects you from fire.
   It protects you from negative energy.
   It may make noises in combat.
 Q - a +0 blowgun
 Y - a +1 eveningstar of distortion
Missiles
 i - 479 stones (quivered)
 v - 71 sling bullets
 R - 41 poisoned needles
 T - 14 needles of sleeping
Armour
 m - a +1 buckler of poison resistance
 U - a +3 large shield of protection (worn)
Jewellery
 g - a ring of ice (on tentacle)
 k - a ring of magical power (on tentacle)
 o - a +2 ring of evasion (left tentacle)
 q - a ring of protection from cold (right tentacle)
 O - an uncursed amulet of faith
 P - an amulet of magic regeneration (around mantle)
Wands
 a - a wand of polymorph (7)
 W - a wand of iceblast (7)
 Z - a wand of digging (17)
Scrolls
 b - a scroll of acquirement {unknown}
 l - 4 scrolls of blinking
 r - 2 scrolls of immolation
 t - 7 scrolls of remove curse
 z - a scroll of vulnerability
 G - 4 scrolls of teleportation
 K - a scroll of fear
Potions
 c - 3 potions of lignification
 e - 2 potions of invisibility {unknown}
 j - 5 potions of haste
 s - 3 potions of cancellation
 u - 3 potions of flight {unknown}
 B - 4 potions of brilliance
 E - a potion of berserk rage
 I - 3 potions of agility
 V - a potion of might
Miscellaneous
 p - a phial of floods (inert)
 D - a lamp of fire (inert)
Comestibles
 J - a meat ration
 L - 7 fruits


   Skills:
 - Level 6.0 Fighting
   Level 1.0(2.6) Short Blades
 - Level 3.8(3.9) Long Blades
 * Level 6.3 Maces & Flails
 - Level 8.0 Dodging
 - Level 14.0 Stealth
 * Level 10.4 Shields
 + Level 4.0 Spellcasting
 - Level 2.8 Summonings
 * Level 4.6 Transmutations
 - Level 2.7 Air Magic
 * Level 4.7 Earth Magic
 - Level 10.1 Invocations
 - Level 10.6 Evocations


You had 11 spell levels left.
You knew the following spells:

 Your Spells              Type           Power        Failure   Level  Hunger
a - Summon Lightning Spi  Summ/Air       #.......     99%         4    #####..
b - Statue Form           Tmut/Erth      ##.......    100%        6    #######


Dungeon Overview and Level Annotations

Branches:
Dungeon (15/15)            Temple (1/1) D:6            Lair (0/6) D:11
    Orc (2/2) D:11            Elf (0/3) Orc:2        Vaults (0/5) D:14
 Depths (0/5) D:15

Altars:
Ashenzari
Cheibriados
Dithmenos
Elyvilon
Fedhas
Gozag
Hepliaklqana
Kikubaaqudgha
Makhleb
Nemelex Xobeh
Okawaru
Qazlal
Ru
Sif Muna
Trog
Uskayaw
Vehumet
Wu Jian
Xom
Yredelemnul
Zin
The Shining One

Shops:
D:8 [   D:10 [   D:14 (??   Orc:2 =

Annotations:
D:15 Kirke, Sonja


Innate Abilities, Weirdness & Mutations

You cannot wear most types of armour.
You are very stealthy in the water. (Stealth+)
You are amphibious.
You can wear up to eight rings at the same time.
You can use your tentacles to constrict eight enemies at once.
Your skin changes colour to match your surroundings (Stealth+).
Your rubbery body absorbs attacks. (AC +1, EV +1)
You are partially covered in iridescent scales. (AC +2)
You are partially covered in slimy green scales. (AC +2)
Scrolls take you a little longer to read.
You are dopey. (Int -2)
You are frail. (-10% HP)
You occasionally shout uncontrollably at your foes.
Your muscles are strong. (Str +2)
You expend magic power (3 MP) to strengthen your wands.


Message History

Evoke which item? (* to show all) (? for menu, Esc to quit)
Okay, then.
Okay, then.
Okay, then.
Cast which spell? (? or * to list)
Okay, then.
Okay, then.
Okay, then.
Really read with blurry vision while enemies are nearby?
You block the warg's attack.
You begin reading the scroll.
You continue reading the scroll.
You block the two-headed ogre's attack. x2; You block the troll's attack.
The troll claws you.
* * * LOW HITPOINT WARNING * * *
You block the troll's attack. The ogre hits you with a giant club!!
* * * LOW HITPOINT WARNING * * *
The two-headed ogre closely misses you. The two-headed ogre misses you. x3
The warg bites you!
You die...
Fedhas appreciates your contribution to the ecosystem.

#.............##..##
##.....#.....#.....#
###...)..........##
###.#.....#..#.##
##P.............#
##......[........#
#....#..........##
##..###.).[hO...##
#####....O@T....#
#.....O[O...##
##....))....##
##.#)...)[..#
##.#....)>[.##
#.......)[).##
##...........#
###...........##
##............##


You could see 3 two-headed ogres, a troll, a warg and an ogre.

Vanquished Creatures
  Roxanne (D:15)
  Snorg (D:10)
  A minotaur (Lab)
  2 hydras
  4 vault guards (D:14)
  6 two-headed ogres
  A centaur warrior (D:13)
  A deep elf knight (D:14)
  2 deep trolls (Orc:2)
  An unseen horror (D:14)
  Pikel (D:9)
  An orc sorcerer (Orc:1)
  A deep elf mage (D:14)
  2 orc knights
  A slime creature (D:15)
  8 ugly things (D:15)
  3 manticores
  3 wandering mushrooms
  The ghost of Statics the Shield-Bearer, a novice GnFi (Ossuary)
  2 gargoyles
  An efreet (Abyss:2)
  A freezing wraith (D:13)
  2 tengu conjurers (D:14)
  A meliai (D:15)
  5 trolls
  5 hippogriffs
  A flying skull (Abyss:2)
  A centaur simulacrum (D:15)
  A large abomination (Abyss:2)
  2 ynoxinuls (Abyss:2)
  2 vampires (D:14)
  A basilisk (D:15)
  2 wraiths (D:15)
  2 shadows (Lab)
  A human (D:14)
  A wyvern (D:11)
  17 yaks
  4 hungry ghosts (Lab)
  5 vampire mosquitoes
  A warg (Orc:1)
  A soldier ant (D:12)
  An acid dragon (D:12)
  3 water moccasins
  A slave (D:9)
  13 orc warriors
  4 ice beasts
  3 black bears
  An eye of draining (D:12)
  14 ogres
  13 centaurs
  A small abomination (Abyss:2)
  A big kobold (D:10)
  6 bullfrogs
  A gnoll sergeant (D:13)
  An elf skeleton (Ossuary)
  4 scorpions
  A wyvern skeleton (D:13)
  A water moccasin skeleton (D:8)
  10 killer bees
  4 wights (D:12)
  4 crimson imps
  A bullfrog zombie (D:8)
  6 hounds
  2 jellies
  7 orc priests
  3 bullfrog skeletons
  5 orc wizards
  10 centaur skeletons
  4 iguanas
  A human skeleton (Ossuary)
  Ijyb (D:3)
  9 worker ants
  2 big kobold skeletons (Ossuary)
  3 hound skeletons (Ossuary)
  A howler monkey skeleton (D:7)
  2 mummies (Ossuary)
  A worker ant zombie (D:5)
  10 gnolls
  7 adders
  2 shadow imps
  An ooze (D:4)
  7 adder skeletons
  2 worms
  2 dart slugs
  8 leopard geckos
  45 orcs
  7 giant cockroaches
  5 goblins
  4 hobgoblins
  10 jackals
  2 quokkas
  3 ball pythons
  4 bats
  6 frilled lizards
  3 goblin skeletons
  5 hobgoblin skeletons (Ossuary)
  6 jackal skeletons
  12 kobolds
  2 kobold skeletons (Ossuary)
  An orc skeleton (Ossuary)
  3 quokka skeletons
  9 rats
  3 rat skeletons (Ossuary)
  A ballistomycete (D:14)
  2 ballistomycete spores (D:14)
  2 toadstools
419 creatures vanquished.

Vanquished Creatures (collateral kills)
  Rupert (D:15)
  Louise (D:14)
  Erolcha (Orc:1)
  6 two-headed ogres
  The ghost of Tovarisch the Transmogrifier, a novice NaTm of Cheibriados (D:9)
  2 ugly things
  A centaur zombie (D:15)
  3 gargoyles
  2 trolls (D:9)
  A slime creature (D:15)
  2 wraiths
  8 yaks
  The ghost of happinesssam the Changer, an amateur DgTm (D:4)
  A vampire mosquito (D:14)
  2 orc warriors
  5 ogres
  2 centaurs (D:11)
  3 bullfrogs
  3 crimson imps
  A centaur skeleton (D:9)
  A hound (D:4)
  2 jellies
  6 orc priests
  An iguana (D:9)
  4 orc wizards
  A worker ant (D:7)
  A hound skeleton (D:10)
  A mummy (Ossuary)
  An adder (D:9)
  7 gnolls
  20 orcs
  A jackal (D:9)
  A ballistomycete spore (D:14)
94 creatures vanquished.

Vanquished Creatures (others)
  24 wandering mushrooms
  2 meliai zombies
  A yak (D:10)
  3 slaves (D:9)
  A necrophage (D:13)
  A killer bee zombie (D:7)
  A worker ant zombie (D:6)
  An orc (D:6)
  6 ballistomycetes (D:14)
  A ballistomycete spore (D:14)
  380 toadstools
  8 withered plants (D:15)
429 creatures vanquished.

Grand Total: 942 creatures vanquished

Notes
Turn   | Place    | Note
-------+----------+-------------------------------------------
     0 | D:1      | M4edhros the Octopode Artificer began the quest for the Orb.
     0 | D:1      | Reached XP level 1. HP: 13/13 MP: 3/3
    57 | D:1      | Reached skill level 2 in Stealth
   169 | D:2      | Reached skill level 3 in Stealth
   169 | D:2      | Reached XP level 2. HP: 10/18 MP: 4/4
   271 | D:2      | Reached skill level 4 in Stealth
   288 | D:2      | Reached XP level 3. HP: 22/23 MP: 5/5
   744 | D:3      | Reached skill level 5 in Stealth
  1033 | D:4      | Found a snail-covered altar of Cheibriados.
  1068 | D:4      | Noticed happinesssam's ghost (amateur DgTm)
  1080 | D:4      | Reached skill level 6 in Stealth
  1080 | D:4      | Reached XP level 4. HP: 24/28 MP: 6/6
  1114 | D:5      | Entered Level 5 of the Dungeon
  1208 | D:5      | Noticed a water moccasin
  1215 | D:5      | Killed a water moccasin
  1215 | D:5      | Reached skill level 7 in Stealth
  1215 | D:5      | Reached XP level 5. HP: 33/33 MP: 7/7
  1255 | D:5      | Reached skill level 8 in Stealth
  1362 | D:5      | Reached XP level 6. HP: 38/38 MP: 8/8
  1363 | D:5      | Found a blossoming altar of Fedhas.
  1426 | D:5      | Reached skill level 9 in Stealth
  1454 | D:5      | Found a glowing silver altar of Zin.
  1477 | D:5      | Noticed a water moccasin
  1479 | D:5      | Killed a water moccasin
  1479 | D:5      | Reached skill level 10 in Stealth
  1479 | D:5      | Reached XP level 7. HP: 43/43 MP: 9/9
  1634 | D:5      | Became a worshipper of Fedhas Madash
  1733 | D:6      | Reached skill level 11 in Stealth
  1884 | D:6      | Found a sand-covered staircase.
  1899 | Ossuary  | Entered an ossuary
  1931 | Ossuary  | Noticed Statics's ghost (novice GnFi)
  1957 | Ossuary  | Killed Statics's ghost
  1957 | Ossuary  | Reached skill level 13 in Stealth
  1957 | Ossuary  | Reached XP level 8. HP: 44/48 MP: 10/10
  2039 | Ossuary  | Reached * piety under Fedhas
  2456 | Ossuary  | Reached ** piety under Fedhas
  2754 | Ossuary  | Reached skill level 14 in Stealth
  2919 | D:6      | Found a staircase to the Ecumenical Temple.
  2938 | Temple   | Entered the Ecumenical Temple
  3042 | Temple   | Fell from the grace of Fedhas
  3042 | Temple   | Became a worshipper of Xom of Chaos
  3554 | Temple   | Gained mutation: You evolve. [potion of mutation]
  3554 | Temple   | Gained mutation: You are resistant to hostile enchantments. (MR+) [potion of mutation]
  3649 | Temple   | XOM: divination: magic mapping
  3991 | Temple   | XOM: mild Summ miscast
  4423 | Temple   | Lost mutation: You are resistant to hostile enchantments. (MR+) [potion of mutation]
  4423 | Temple   | Lost mutation: You evolve. [potion of mutation]
  4423 | Temple   | Gained mutation: You expend magic power (3 MP) to strengthen your wands. [potion of mutation]
  4423 | Temple   | Gained mutation: One of your tentacles bears a spike. [potion of mutation]
  4423 | Temple   | Gained mutation: You are partially covered in yellow scales. (AC +2) [potion of mutation]
  4580 | Temple   | XOM: god gift: 2 viscous coppery potions {god gift}
  5223 | Temple   | XOM: cloud trail
  5845 | Temple   | XOM: scenery: create altars
  5996 | Temple   | XOM: give mutations
  5996 | Temple   | Gained mutation: Scrolls take you a little longer to read. [Xom's mischief]
  5996 | Temple   | Gained mutation: You occasionally shout uncontrollably at your foes. [Xom's mischief]
  6375 | Temple   | XOM: medium Hex miscast
  6398 | Temple   | XOM: draining
  6499 | Temple   | Lost mutation: Scrolls take you a little longer to read. [potion of mutation]
  6499 | Temple   | Lost mutation: You are partially covered in yellow scales. (AC +2) [potion of mutation]
  6499 | Temple   | Lost mutation: One of your tentacles bears a spike. [potion of mutation]
  6499 | Temple   | Gained mutation: You are dopey. (Int -2) [potion of mutation]
  6499 | Temple   | Gained mutation: You are very dopey. (Int -4) [potion of mutation]
  6499 | Temple   | Gained mutation: Your muscles are strong. (Str +2) [potion of mutation]
  6638 | Temple   | XOM: medium Chrm miscast
  6824 | Temple   | XOM: harmless Ice miscast
  7318 | Temple   | XOM: harmless Conj miscast
  7618 | Temple   | XOM: summons 4 hostile demons
  7670 | D:5      | Fell from the grace of Xom
  7670 | D:5      | Became a worshipper of Fedhas Madash
  8892 | D:3      | Noticed Ijyb
  8902 | D:3      | Killed Ijyb
  8902 | D:3      | Reached skill level 1 in Invocations
  9103 | D:3      | Found an opulent altar of Gozag.
  9104 | D:3      | Found a sparkling altar of Nemelex Xobeh.
  9557 | D:4      | Reached XP level 9. HP: 17/54 MP: 10/12
  9616 | D:4      | Killed happinesssam's ghost
 10938 | D:7      | Reached skill level 5 in Evocations
 10955 | D:7      | XOM: 2-stop teleportation journey
 11139 | D:7      | Found an ornate altar of the Wu Jian Council.
 11140 | D:7      | Found a hide-covered altar of Uskayaw.
 11381 | D:8      | Found Jinenise's Antique Armour Boutique.
 11519 | D:8      | Bought a shiny buckler for 195 gold pieces
 11713 | D:8      | XOM: medium Necr miscast
 11779 | D:8      | Reached skill level 1 in Shields
 11779 | D:8      | Reached skill level 5 in Invocations
 11966 | D:9      | Noticed a two-headed ogre
 11966 | D:9      | Noticed Tovarisch's ghost (novice NaTm)
 11973 | D:9      | Killed Tovarisch's ghost
 11973 | D:9      | Reached XP level 10. HP: 63/63 MP: 10/14
 11988 | D:9      | Killed a two-headed ogre
 12041 | D:9      | Learned a level 4 spell: Summon Lightning Spire
 12054 | D:9      | XOM: give mutation
 12054 | D:9      | Gained mutation: You are frail. (-10% HP) [Xom's mischief]
 12141 | D:9      | XOM: 2-stop teleportation journey
 12142 | D:9      | Noticed Pikel
 12180 | D:9      | Noticed a two-headed ogre
 12203 | D:9      | Killed a two-headed ogre
 12209 | D:9      | Killed Pikel
 12387 | D:9      | XOM: give mutations
 12387 | D:9      | Gained mutation: One of your tentacles bears a spike. [Xom's grace]
 12387 | D:9      | Gained mutation: You are covered in fur. (AC +1) [Xom's grace]
 12387 | D:9      | Gained mutation: You are agile. (Dex +2) [Xom's grace]
 12387 | D:9      | Gained mutation: Your spells are a little harder to cast, but a little more powerful. [Xom's grace]
 12411 | D:9      | Reached skill level 1 in Spellcasting
 12411 | D:9      | Reached skill level 1 in Summonings
 12508 | D:9      | Reached skill level 1 in Air Magic
 12729 | D:9      | XOM: polymorph wandering mushroom -> thorn hunter
 12835 | D:9      | Found a sacrificial altar of Ru.
 12867 | D:9      | Found a snail-covered altar of Cheibriados.
 13159 | D:9      | XOM: mild Chrm miscast
 13304 | D:9      | XOM: polymorph wandering mushroom -> oklob plant
 13459 | D:10     | Entered Level 10 of the Dungeon
 13504 | D:10     | Noticed a two-headed ogre
 13509 | D:10     | Noticed Snorg
 13523 | D:10     | Killed Snorg
 13523 | D:10     | Reached XP level 11. HP: 39/63 MP: 10/16
 13547 | D:10     | Killed a two-headed ogre
 13547 | D:10     | Reached skill level 5 in Dodging
 13582 | D:10     | Noticed a two-headed ogre
 13595 | D:10     | Killed a two-headed ogre
 13690 | D:10     | Reached skill level 5 in Fighting
 13704 | D:10     | Reached *** piety under Fedhas
 13747 | D:10     | XOM: medium Hex miscast
 13902 | D:10     | Found Uklul's Armour Boutique.
 13912 | D:10     | Bought a +1 large shield of protection for 247 gold pieces
 14080 | D:11     | Found a staircase to the Orcish Mines.
 14160 | D:11     | XOM: medium Summ miscast
 14196 | D:11     | Noticed a manticore
 14339 | D:11     | Killed a manticore
 14526 | D:11     | XOM: medium Tloc miscast
 14527 | D:11     | Cast into level 2 of the Abyss (the capriciousness of Xom)
 14661 | Abyss:2  | Noticed a thrashing horror
 14673 | Abyss:2  | Noticed a cacodemon
 14847 | Abyss:2  | Noticed a thrashing horror
 14881 | Abyss:2  | Noticed a rakshasa
 14921 | Abyss:2  | Noticed a sun demon
 14935 | D:11     | Escaped the Abyss
 14955 | D:11     | Noticed a green ugly thing
 14965 | D:11     | Killed a green ugly thing
 14969 | D:11     | Gained mutation: You are partially covered in slimy green scales. (AC +2) [mutagenic meat]
 14998 | D:11     | Found a staircase to the Lair.
 15019 | D:11     | XOM: polymorph wandering mushroom -> oklob plant
 15122 | D:11     | Reached skill level 5 in Shields
 15175 | D:11     | XOM: medium Conj miscast
 15212 | D:11     | Found a blossoming altar of Fedhas.
 15843 | D:12     | Reached XP level 12. HP: 61/70 MP: 3/18
 15899 | D:12     | XOM: cloud trail
 16460 | D:13     | XOM: cloud trail
 16474 | D:13     | Noticed a centaur warrior
 16480 | D:13     | Killed a centaur warrior
 16480 | D:13     | Reached skill level 1 in Long Blades
 16510 | D:13     | Found a labyrinth entrance.
 16522 | Lab      | Entered a labyrinth
 16700 | Lab      | XOM: silly message
 17122 | Lab      | Noticed a minotaur
 17127 | Lab      | Killed a minotaur
 17128 | Lab      | Reached **** piety under Fedhas
 17163 | D:13     | XOM: harmless Erth miscast
 17201 | D:13     | Found a hazy altar of Hepliaklqana.
 17729 | D:14     | Noticed a two-headed ogre
 17739 | D:14     | Killed a two-headed ogre
 17754 | D:14     | Found Deicon's Magic Scroll Shop.
 17763 | D:14     | Lost mutation: You are covered in fur. (AC +1) [potion of mutation]
 17763 | D:14     | Lost mutation: Your spells are a little harder to cast, but a little more powerful. [potion of mutation]
 17763 | D:14     | Gained mutation: Scrolls take you a little longer to read. [potion of mutation]
 17763 | D:14     | Gained mutation: You are partially covered in iridescent scales. (AC +2) [potion of mutation]
 17765 | D:14     | Bought a scroll of teleportation for 42 gold pieces
 17765 | D:14     | Bought a scroll of teleportation for 42 gold pieces
 17765 | D:14     | Bought a scroll of blinking for 105 gold pieces
 17773 | D:14     | Noticed Louise
 17885 | D:14     | Noticed a vault guard
 17889 | D:14     | Noticed a deep elf knight
 17889 | D:14     | Killed Louise
 17901 | D:14     | Reached skill level 10 in Evocations
 18095 | D:14     | XOM: mild Air miscast
 18196 | D:14     | Got a crude flail {venom}
 18197 | D:14     | Identified the +8 flail of Yesterday {venom, *Noise rF+ rN+ Str+9} (You took it off a centaur on level 14 of the Dungeon)
 18205 | D:14     | Noticed a vault guard
 18207 | D:14     | Killed a deep elf knight
 18219 | D:14     | Killed a vault guard
 18219 | D:14     | Reached skill level 1 in Maces & Flails
 18219 | D:14     | Reached XP level 13. HP: 59/74 MP: 20/20
 18238 | D:14     | Killed a vault guard
 18239 | D:14     | XOM: noise
 18298 | D:14     | Noticed a vault guard
 18314 | D:14     | Killed a vault guard
 18333 | D:14     | XOM: medium Conj miscast
 18494 | D:14     | XOM: medium Fire miscast
 18678 | D:14     | Found a shadowy altar of Dithmenos.
 18748 | D:14     | Found Yfacleq's Assorted Antiques.
 18807 | D:14     | Noticed a vault guard
 18823 | D:14     | Killed a vault guard
 18829 | D:14     | Reached skill level 10 in Invocations
 19006 | D:14     | XOM: silly message
 19047 | D:14     | Found a gate to the Vaults.
 19215 | D:14     | Found Zujor's Magic Scroll Shoppe.
 19220 | D:14     | Bought a scroll of enchant weapon for 75 gold pieces
 19220 | D:14     | Bought a scroll of blinking for 75 gold pieces
 19220 | D:14     | Bought a scroll of identify for 20 gold pieces
 19259 | D:14     | Found Beokha's Weapon Shop.
 19265 | D:14     | XOM: harmless Tloc miscast
 19265 | D:14     | Was forgiven by Xom
 19327 | D:15     | Entered Level 15 of the Dungeon
 19576 | D:15     | Noticed Roxanne
 19604 | D:15     | Killed Roxanne
 19605 | D:15     | Identified Roxanne's Volume of Transmigration (You took it off Roxanne on level 15 of the Dungeon)
 19614 | D:15     | Learned a level 6 spell: Statue Form
 19669 | D:15     | Reached skill level 1 in Transmutations
 19669 | D:15     | Reached skill level 1 in Earth Magic
 19677 | D:15     | Lost mutation: One of your tentacles bears a spike. [mutagenic meat]
 19679 | D:15     | Noticed Rupert
 19686 | D:15     | Killed Rupert
 19775 | D:15     | Reached skill level 5 in Maces & Flails
 19785 | D:15     | Lost mutation: You are agile. (Dex +2) [mutagenic meat]
 19791 | D:15     | Lost mutation: You are very dopey. (Int -4) [mutagenic meat]
 20066 | D:15     | Noticed Josephine
 20069 | D:15     | Noticed Josephine
 20069 | D:15     | Josephine changed into Josephine the manticore
 20079 | D:15     | Killed Josephine the manticore
 20130 | D:15     | Found a staircase to the Depths.
 20131 | D:15     | Noticed Sonja
 20338 | D:15     | Noticed Kirke
 20421 | Orc:1    | Entered Level 1 of the Orcish Mines
 20428 | D:11     | Reached XP level 14. HP: 35/81 MP: 21/21
 20626 | Orc:1    | Noticed Erolcha
 20635 | D:11     | Reached skill level 10 in Shields
 20801 | Orc:1    | Killed Erolcha
 20972 | Orc:2    | Entered Level 2 of the Orcish Mines
 20972 | Orc:2    | Found a staircase to the Elven Halls.
 21125 | Orc:2    | Found Wivuhyng's Jewellery Shoppe.
 21799 | Orc:1    | HP: 4/81 [ogre/giant club (20)]
 21799 | Orc:1    | Mangled by a warg

Vault maps used:
D:1:      elethiomel_arrival_maze
D:2:      minmay_box_of_dots
D:3:      grunt_temple_overflow_opulence, first_bread, uniq_ijyb
D:4:      nicolae_overflow_hidden_temple, kennysheep_minor_cross
D:5:      lemuel_crystal_altar, old_standard_altar
D:6:      temple_hall, serial_glass, glass_columns_c, glass_columns_b,
          glass_columns_c, glass_columns_a, glass_columns_a, glass_columns_a,
          glass_columns_a, glass_columns_a, minmay_strange_pillars,
          enter_ossuary_4, dk_noncrumbling_4, minmay_lizard_king
D:7:      gammafunk_temple_overflow_statue, patterned_corridor
D:8:      serial_shops, shop
D:9:      lemuel_round_altar, basic_altar, uniq_pikel
D:10:     serial_shops, nicolae_shop_statue_plus, uniq_snorg
D:11:     lair_entry_dummy, david_orc_2, basic_altar
D:13:     basic_altar, lab_entry_generic
D:14:     grunt_vaults_entry_fortified, nicolae_dithmenos_the_darkroom,
          serial_shops, kennysheep_mini, kennysheep_little_box, shop,
          nicolae_shop_competitors_out_of_business, uniq_louise
D:15:     gammafunk_depths_entry_grave, minmay_misc_feat_iff, uniq_rupert,
          uniq_josephine, uniq_sonja, uniq_kirke, uniq_roxanne
Temple:   jpeg_temple_clearing
Orc:1:    minmay_orc_barracks, uniq_erolcha
Orc:2:    st_orc_open, basic_altar, hangedman_minor_magic
Abyss:2:  hangedman_abyss_sting
Lab:      labyrinth_mini_lab, nicolae_lab_very_dead_end, nicolae_lab_plus,
          nicolae_lab_dead_end, nicolae_lab_statue, nicolae_lab_blocks,
          labyrinth_skeletal_remains
Ossuary:  minmay_ossuary_two_tombs

Skill      XL: |  1  2  3  4  5  6  7  8  9 10 11 12 13 14 |
---------------+-------------------------------------------+-----
Stealth        | 3 4 6 7 8 10 13 14 | 14.0
Invocations    | 2 5 7 8 9 10 | 10.1
Evocations     | 4 6 7 9 10 | 10.6
Fighting       | 3 4 5 6 |  6.0
Dodging        | 3 4 6 7 8 |  8.0
Shields        | 1 3 5 8 9 10 | 10.4
Spellcasting   | 2 3 4 |  4.0
Summonings     | 2 |  2.8
Air Magic      | 2 |  2.7
Long Blades    | 3 |  3.8
Maces & Flails | 1 5 6 |  6.3
Transmutations | 3 4 |  4.6
Earth Magic    | 3 4 |  4.7
Short Blades   | |  1.0

Action                   |  1- 3 |  4- 6 |  7- 9 | 10-12 | 13-15 || total
-------------------------+-------+-------+-------+-------+-------++-------
Melee: Short sword       |    52 |       |       |       |       ||    52
       Constrict         |    14 |     1 |    77 |    84 |    40 ||   216
       Tentacles         |    11 |     2 |    78 |   125 |    73 ||   289
       Dagger            |    14 |    11 |   316 |   325 |       ||   666
       Kick              |       |       |       |   197 |    59 ||   256
       Scimitar          |       |       |       |   127 |       ||   127
       Flail             |       |       |       |     8 |   216 ||   224
Invok: Fungal Bloom      |       |       |    63 |    58 |    23 ||   144
       Evolution         |       |       |     4 |    16 |    11 ||    31
       Sunlight          |       |       |     1 |     9 |     3 ||    13
       Reproduction      |       |       |       |     1 |       ||     1
Evoke: Wand              |     2 |     2 |    30 |    76 |    33 ||   143
       Lamp of fire      |       |       |     1 |     2 |     2 ||     5
       Phial of floods   |       |       |       |     1 |     2 ||     3
  Use: Potion            |       |       |     5 |     8 |     8 ||    21
       Scroll            |       |       |    11 |    16 |     8 ||    35
 Stab: Sleeping          |     9 |     7 |    34 |     8 |     2 ||    60
       Confused          |       |       |     1 |     3 |     5 ||     9
       Distracted        |       |       |     1 |       |       ||     1
       Paralysed         |       |       |       |     1 |       ||     1
  Eat: Chunk             |       |     2 |     3 |     1 |     6 ||    12
       Royal jelly       |       |       |     4 |     1 |       ||     5
       Bread ration      |       |       |     2 |       |     1 ||     3
       Meat ration       |       |       |     3 |     4 |     1 ||     8
Armor: Skin              |     3 |       |     8 |    29 |    22 ||    62
Dodge: Dodged            |    40 |     3 |   181 |   262 |   116 ||   602
Block: Buckler           |       |       |     1 |    29 |       ||    30
       Large shield      |       |       |       |   280 |   239 ||   519
       Rpst.: Scimitar   |       |       |       |    12 |       ||    12

Table legend:
 A = Spawn XP
 B = Non-spawn XP
 C = Spawn XP percentage of total XP
 D = Spawn monster count
 E = Non-spawn monster count
 F = Spawn count percentage of total count
 G = Total turns spent on level
                    A         B        C        D         E        F      G
               +---------+---------+-------+---------+---------+-------+---------
         Total |     533 |   65897 |   0.8 |       3 |     502 |   0.6 | 21799
               +---------+---------+-------+---------+---------+-------+---------
           D:1 |       0 |      32 |   0.0 |       0 |      17 |   0.0 |  1006
           D:2 |       0 |      53 |   0.0 |       0 |      18 |   0.0 |   607
           D:3 |       0 |     130 |   0.0 |       0 |      22 |   0.0 |  1085
           D:4 |       0 |     476 |   0.0 |       0 |      32 |   0.0 |   908
           D:5 |       0 |     531 |   0.0 |       0 |       9 |   0.0 |   582
           D:6 |       0 |     617 |   0.0 |       0 |      22 |   0.0 |  1035
           D:7 |       0 |     674 |   0.0 |       0 |      14 |   0.0 |   463
           D:8 |       0 |     924 |   0.0 |       0 |      12 |   0.0 |   699
           D:9 |       0 |    4181 |   0.0 |       0 |      49 |   0.0 |  1446
          D:10 |       0 |    3746 |   0.0 |       0 |      33 |   0.0 |   543
          D:11 |       0 |    3108 |   0.0 |       0 |      31 |   0.0 |  1288
          D:12 |       0 |    4153 |   0.0 |       0 |      42 |   0.0 |  1084
          D:13 |       0 |    3660 |   0.0 |       0 |      25 |   0.0 |   713
          D:14 |       0 |   14023 |   0.0 |       0 |      41 |   0.0 |  1627
          D:15 |       0 |   14209 |   0.0 |       0 |      32 |   0.0 |  1035
         Orc:1 |       0 |    9240 |   0.0 |       0 |      37 |   0.0 |   980
         Orc:2 |       0 |    2226 |   0.0 |       0 |      19 |   0.0 |    35
       Abyss:2 |     533 |     842 |  38.8 |       3 |       3 |  50.0 |   408
           Lab |       0 |    2248 |   0.0 |       0 |       7 |   0.0 |   627
       Ossuary |       0 |     824 |   0.0 |       0 |      37 |   0.0 |   946
               +---------+---------+-------+---------+---------+-------+---------
